Manchots vs Wolves
(R1)
Created - 24 novembre 2012 at 02:20
Goals
|
| Manchots |
1 |
2 |
2 |
5 |
| Wolves |
2 |
0 |
2 |
4 |
|
Shots
|
| Manchots |
8 |
12 |
18 |
38 |
| Wolves |
16 |
8 |
13 |
37 |
|
1st period
1. Wolves , Cody McLeod 4 (Chris Neil, Nate Guenin) at 11:08
2. Manchots , Alexander Radulov 1 (Martin Hanzal) at 11:16
3. Wolves , Alexander Perezhogin 5 (Mike Zigomanis) at 13:45 (PP)
Penalties :
Geoff Sanderson (Min) for Hooking (Minor) at 0:09, Cody McLeod (Min) for Fighting (Major) at 13:31, Hal Gill (Out) for Fighting (Major) at 13:31, Hal Gill (Out) for instigated a fight (Minor) at 13:31, Hal Gill (Out) for instigated a fight (10 Minutes Misconduct) at 13:31, Martin Hanzal (Out) for Tripping (Minor) at 13:50, Philippe Boucher (Min) for Roughing (Minor) at 14:25, Matt Corrente (Out) for Roughing (Minor) at 14:25
2nd period
4. Manchots , Alexander Radulov 2 (Martin Hanzal) at 17:54 (PP)
5. Manchots , Martin Hanzal 4 (Alexander Radulov) at 19:19 (PP)
Penalties :
Willie Mitchell (Min) for Hooking (Minor) at 6:44, Mike Zigomanis (Min) for High sticking (Minor) at 17:34, Nate Guenin (Min) for Hooking (Minor) at 19:03, Marc Methot (Min) for Hooking (Minor) at 19:34
3rd period
6. Manchots , Logan Couture 2 (Hal Gill, Eric Tangradi) at 4:11
7. Manchots , Petr Sykora 3 (Riley Armstrong, Ondrej Pavelec) at 4:48 (PP)
8. Wolves , Petr Kalus 1 (Jason King, Nate Guenin) at 6:01
9. Wolves , Geoff Sanderson 7 (Nate Guenin) at 14:19
Penalties :
Eric Tangradi (Out) for Roughing (Minor) at 1:45, Mike Zigomanis (Min) for Holding (Minor) at 4:12, Logan Couture (Out) for Holding (Minor) at 12:03, Riley Armstrong (Out) for Roughing (Minor) at 15:07
Goalie Stats
Ondrej Pavelec (Out), 33 saves from 37 shots - (0,892), W, 2-1-1, 60:00 minutes
Julien Ellis (Min), 33 saves from 38 shots - (0,868), L, 2-1-0, 60:00 minutes
Players Stats for Manchots
Player Name G A P +/- PIM S H SB GA TA FO MP PP MP PK MP
------------------------------------------------------------------------------------
Alexander Radulov 2 1 3 -1 0 5 0 0 1 0 1/2 18:10 4:15 0:00
Bobby Butler 0 0 0 -1 0 3 3 0 0 0 0/0 15:24 4:15 0:00
Bryan Allen 0 0 0 0 0 2 0 2 1 1 0/0 25:08 4:46 3:47
Cal Clutterbuck 0 0 0 0 0 2 5 0 0 0 0/2 13:02 0:00 1:29
Eric Tangradi 0 1 1 1 2 0 2 0 0 0 0/1 8:31 0:04 0:09
Hal Gill 0 1 1 -1 17 2 1 5 0 0 0/0 18:01 0:00 3:22
Jamie Benn 0 0 0 0 0 0 1 0 0 0 0/1 16:51 2:50 1:26
Kris Russell 0 0 0 0 0 0 0 0 1 2 0/0 14:02 0:00 0:12
Logan Couture 1 0 1 0 2 1 2 1 1 0 2/5 12:53 0:04 0:58
Martin Hanzal 1 2 3 -1 2 8 1 1 0 1 15/30 18:33 4:15 0:24
Matt Corrente 0 0 0 0 2 1 0 1 0 0 0/0 19:37 2:23 3:23
Mike Watt 0 0 0 0 0 4 3 0 1 0 0/1 15:38 0:00 4:20
Pernell Karl Subban 0 0 0 -1 0 1 3 1 1 0 0/0 23:50 4:46 1:12
Petr Sykora 1 0 1 -1 0 3 3 0 0 0 0/0 15:31 2:54 1:06
Riley Armstrong 0 1 1 0 2 6 2 0 1 0 4/12 18:10 2:50 4:13
Spencer Machacek 0 0 0 0 0 0 0 0 0 0 0/0 7:46 0:00 0:00
Stanislav Neckar 0 0 0 0 0 0 1 2 0 0 0/0 19:56 2:23 4:23
Tyler Kennedy 0 0 0 0 0 0 2 0 0 0 1/3 8:42 0:00 0:51
Players Stats for Wolves
Player Name G A P +/- PIM S H SB GA TA FO MP PP MP PK MP
------------------------------------------------------------------------------------
Alexander Perezhogin 1 0 1 0 0 4 2 0 0 0 1/2 19:24 3:59 0:00
Bruno Gervais 0 0 0 2 0 1 0 1 0 1 0/0 20:03 1:53 2:18
Chris Neil 0 1 1 1 0 2 3 0 1 1 5/10 18:08 2:43 4:19
Cody McLeod 1 0 1 1 5 3 2 1 1 0 0/0 14:59 2:43 2:29
Dan Fritsche 0 0 0 0 0 0 0 0 0 0 3/4 12:40 2:43 1:10
Ethan Moreau 0 0 0 0 0 3 1 0 0 1 1/1 16:13 0:04 4:21
Geoff Sanderson 1 0 1 0 2 6 2 0 0 0 3/4 18:23 3:59 0:10
Jason King 0 1 1 0 0 1 0 0 0 0 0/0 10:55 0:04 0:00
Kevin Veilleux 0 0 0 1 0 0 0 1 0 0 1/3 10:06 0:00 0:00
Marc Methot 0 0 0 -2 2 1 3 0 0 3 0/0 23:58 4:53 0:36
Matt Gilroy 0 0 0 1 0 0 3 2 0 0 0/0 18:13 0:00 4:54
Mike Sislo 0 0 0 0 0 1 0 0 0 0 0/0 8:38 0:00 0:09
Mike Zigomanis 0 1 1 0 4 2 1 1 1 0 20/32 19:02 3:59 0:00
Milan Bartovic 0 0 0 0 0 2 0 0 0 0 0/0 10:23 0:00 1:40
Nate Guenin 0 3 3 2 2 1 3 0 0 1 0/0 19:50 1:53 2:42
Petr Kalus 1 0 1 0 0 2 1 0 0 0 0/1 10:55 0:04 0:00
Philippe Boucher 0 0 0 -2 2 6 3 1 1 0 0/0 23:31 4:52 0:10
Willie Mitchell 0 0 0 1 2 2 1 1 0 0 0/0 15:23 0:00 3:38
3 Stars
1 - Alexander Radulov (Out)
2 - Nate Guenin (Min)
3 - Martin Hanzal (Out)
Power Play
Manchots - 3 on 6 Attempt(s) - 50,00%
Wolves - 1 on 5 Attempt(s) - 20,00%
Penalty Kill
Manchots - 4 on 5 Attempt(s) - 80,00%
- Score 0 goal in Penalty Kill
Wolves - 3 on 6 Attempt(s) - 50,00%
- Score 0 goal in Penalty Kill
Official
Referees : Walsh Ian and Martell Rob
Linesman : Michel Cormier and Jonny Murray
Game Notes
Cody McLeod beats up Hal Gill at 13:31 of 1st period
Manchots
5 vs 5 Forward
Center Left Wing Right Wing Time % Phy DF OF
1 Martin Hanzal Jamie Benn Alexander Radulov 37 0 1 4
2 Logan Couture Bobby Butler Petr Sykora 30 0 1 4
3 Riley Armstrong Mike Watt Cal Clutterbuck 23 0 1 4
4 Tyler Kennedy Eric Tangradi Spencer Machacek 10 1 1 3
5 vs 5 Defense
Defense Defense Time % Phy DF OF
1 Hal Gill Pernell Karl Subban 40 1 2 2
2 Bryan Allen Stanislav Neckar 30 1 2 2
3 Kris Russell Matt Corrente 20 1 2 2
4 Hal Gill Pernell Karl Subban 10 0 1 4
PowerPlay Forward
Center Left Wing Right Wing Time % Phy DF OF
1 Martin Hanzal Bobby Butler Alexander Radulov 60 1 1 3
2 Riley Armstrong Jamie Benn Petr Sykora 40 1 1 3
PowerPlay Defense
Defense Defense Time % Phy DF OF
1 Bryan Allen Pernell Karl Subban 60 1 1 3
2 Matt Corrente Stanislav Neckar 40 1 1 3
Penalty Kill 4 Players Forward
Center Wing Time % Phy DF OF
1 Riley Armstrong Mike Watt 60 1 2 2
2 Tyler Kennedy Petr Sykora 40 1 2 2
Penalty Kill 4 Players Defense
Defense Defense Time % Phy DF OF
1 Hal Gill Stanislav Neckar 60 1 2 2
2 Bryan Allen Matt Corrente 40 1 2 2
Penalty Kill - 3 Players Forward
Forward Time % Phy DF OF
1 Riley Armstrong 60 1 2 2
2 Petr Sykora 40 1 2 2
Penalty Kill - 3 Players Defense
Defense Defense Time % Phy DF OF
1 Bryan Allen Hal Gill 60 1 2 2
2 Stanislav Neckar Kris Russell 40 1 2 2
4 vs 4 Forward
Center Wing Time % Phy DF OF
1 Martin Hanzal Alexander Radulov 60 1 1 3
2 Riley Armstrong Bobby Butler 40 1 1 3
4 vs 4 Defense
Defense Defense Time % Phy DF OF
1 Pernell Karl Subban Stanislav Neckar 60 1 1 3
2 Matt Corrente Kris Russell 40 1 1 3
Last Minutes Offensive
Center Left Wing Right Wing Defense Defense
Martin Hanzal Bobby Butler Alexander Radulov Hal Gill Pernell Karl Subban
Last Minutes Defensive
Center Left Wing Right Wing Defense Defense
Martin Hanzal Mike Watt Petr Sykora Bryan Allen Hal Gill
Goaltenders
Starting : Ondrej Pavelec
Backup : Manny Fernandez
Extra Forwards
Normal : Martin Hanzal, Alexander Radulov, Cal Clutterbuck - PP : Martin Hanzal, Alexander Radulov - PK : Cal Clutterbuck
Extra Defensemen
Normal : Kris Russell, Matt Corrente, Hal Gill - PP : Kris Russell - PK : Matt Corrente, Hal Gill
Penalty Shots
Petr Sykora, Bobby Butler, Logan Couture, Alexander Radulov, Martin Hanzal
Wolves
5 vs 5 Forward
Center Left Wing Right Wing Time % Phy DF OF
1 Mike Zigomanis Geoff Sanderson Alexander Perezhogin 40 0 1 4
2 Kevin Veilleux Cody McLeod Chris Neil 30 1 1 3
3 Dan Fritsche Ethan Moreau Milan Bartovic 20 1 3 1
4 Petr Kalus Mike Sislo Jason King 10 2 2 1
5 vs 5 Defense
Defense Defense Time % Phy DF OF
1 Philippe Boucher Marc Methot 40 1 3 1
2 Matt Gilroy Nate Guenin 30 1 3 1
3 Bruno Gervais Willie Mitchell 20 1 3 1
4 Philippe Boucher Nate Guenin 10 1 3 1
PowerPlay Forward
Center Left Wing Right Wing Time % Phy DF OF
1 Mike Zigomanis Geoff Sanderson Alexander Perezhogin 60 0 0 5
2 Dan Fritsche Cody McLeod Chris Neil 40 0 0 5
PowerPlay Defense
Defense Defense Time % Phy DF OF
1 Philippe Boucher Marc Methot 60 0 1 4
2 Nate Guenin Bruno Gervais 40 0 1 4
Penalty Kill 4 Players Forward
Center Wing Time % Phy DF OF
1 Chris Neil Ethan Moreau 60 2 2 1
2 Milan Bartovic Cody McLeod 40 2 2 1
Penalty Kill 4 Players Defense
Defense Defense Time % Phy DF OF
1 Willie Mitchell Matt Gilroy 60 2 3 0
2 Nate Guenin Bruno Gervais 40 2 3 0
Penalty Kill - 3 Players Forward
Forward Time % Phy DF OF
1 Ethan Moreau 60 2 3 0
2 Chris Neil 40 2 3 0
Penalty Kill - 3 Players Defense
Defense Defense Time % Phy DF OF
1 Willie Mitchell Matt Gilroy 60 3 2 0
2 Nate Guenin Bruno Gervais 40 3 2 0
4 vs 4 Forward
Center Wing Time % Phy DF OF
1 Mike Zigomanis Alexander Perezhogin 60 1 1 3
2 Geoff Sanderson Chris Neil 40 1 1 3
4 vs 4 Defense
Defense Defense Time % Phy DF OF
1 Philippe Boucher Bruno Gervais 60 1 3 1
2 Willie Mitchell Nate Guenin 40 1 3 1
Last Minutes Offensive
Center Left Wing Right Wing Defense Defense
Mike Zigomanis Geoff Sanderson Alexander Perezhogin Philippe Boucher Bruno Gervais
Last Minutes Defensive
Center Left Wing Right Wing Defense Defense
Dan Fritsche Ethan Moreau Chris Neil Willie Mitchell Nate Guenin
Goaltenders
Starting : Julien Ellis
Backup : Loïc Lacasse
Extra Forwards
Normal : Alexander Perezhogin, Mike Zigomanis, Chris Neil - PP : Alexander Perezhogin, Mike Zigomanis - PK : Ethan Moreau
Extra Defensemen
Normal : Philippe Boucher, Willie Mitchell, Bruno Gervais - PP : Philippe Boucher - PK : Willie Mitchell, Nate Guenin
Penalty Shots
Alexander Perezhogin, Chris Neil, Geoff Sanderson, Cody McLeod, Dan Fritsche
% Time on Ice - Manchots
Lines # - Real PCT - Wanted PCT - Time Play
Normal Forward
1 - 36% - 37% - 15:38
2 - 26% - 30% - 11:15
3 - 20% - 23% - 8:56
4 - 18% - 10% - 7:46
Normal Defense
1 - 37% - 40% - 16:14
2 - 39% - 30% - 16:56
3 - 23% - 20% - 10:03
4 - 1% - 10% - 0:22
PP Forward
1 - 59% - 60% - 4:15
2 - 41% - 40% - 2:54
PP Defense
1 - 67% - 60% - 4:46
2 - 33% - 40% - 2:23
PK Forward
1 - 87% - 60% - 5:55
2 - 13% - 40% - 0:51
PK Defense
1 - 62% - 60% - 4:11
2 - 38% - 40% - 2:35
PK3 Forward
1 - 82% - 60% - 1:09
2 - 18% - 40% - 0:15
PK3 Defense
1 - 86% - 60% - 1:12
2 - 14% - 40% - 0:12
44 Forward
1 - 100% - 60% - 0:35
2 - 0% - 40% - 0:00
44 Defense
1 - 34% - 60% - 0:12
2 - 66% - 40% - 0:23
Last Minute Offensive - 0:00
Last Minute Defensive - 0:31
Total
Forward - 60:00
Defense - 60:00
|
% Time on Ice - Wolves
Lines # - Real PCT - Wanted PCT - Time Play
Normal Forward
1 - 37% - 40% - 16:13
2 - 23% - 30% - 10:10
3 - 20% - 20% - 8:43
4 - 19% - 10% - 8:29
Normal Defense
1 - 40% - 40% - 17:15
2 - 35% - 30% - 15:23
3 - 20% - 20% - 8:54
4 - 5% - 10% - 2:03
PP Forward
1 - 60% - 60% - 4:03
2 - 40% - 40% - 2:43
PP Defense
1 - 72% - 60% - 4:53
2 - 28% - 40% - 1:53
PK Forward
1 - 77% - 60% - 5:29
2 - 23% - 40% - 1:40
PK Defense
1 - 73% - 60% - 5:14
2 - 27% - 40% - 1:55
PK3 Forward
1 - 0% - 60%
2 - 0% - 40%
PK3 Defense
1 - 0% - 60%
2 - 0% - 40%
44 Forward
1 - 76% - 60% - 1:30
2 - 24% - 40% - 0:29
44 Defense
1 - 100% - 60% - 1:59
2 - 0% - 40% - 0:00
Last Minute Offensive - 0:31
Last Minute Defensive - 0:00
Total
Forward - 60:00
Defense - 60:00
|
Play by Play
1st period
0:01 of 1st period - Mike Zigomanis wins face-off versus Alexander Radulov in neutral zone.
0:04 of 1st period - Snap shot by Alexander Perezhogin.
0:04 of 1st period - Shot Blocked by Pernell Karl Subban.
0:06 of 1st period - Slapshot by Philippe Boucher.
0:06 of 1st period - Stopped by Ondrej Pavelec without a rebound.
0:07 of 1st period - Mike Zigomanis wins face-off versus Martin Hanzal in Manchots zone.
0:09 of 1st period - Minor Penalty to Geoff Sanderson for Hooking.
0:10 of 1st period - Martin Hanzal wins face-off versus Chris Neil in Wolves zone.
0:23 of 1st period - Snap shot by Martin Hanzal.
0:23 of 1st period - Shot Misses the Net.
0:25 of 1st period - Slapshot by Pernell Karl Subban.
0:25 of 1st period - Shot Blocked by Willie Mitchell.
2:09 of 1st period - Penalty to Geoff Sanderson is over, Geoff Sanderson is back on ice.
2:39 of 1st period - Matt Corrente is hit by Marc Methot.
3:29 of 1st period - Snap shot by Mike Zigomanis.
3:29 of 1st period - Stopped by Ondrej Pavelec with a rebound.
4:12 of 1st period - Stanislav Neckar is hit by Chris Neil and loses puck.
5:20 of 1st period - Mike Watt is hit by Cody McLeod and loses puck.
5:56 of 1st period - Mike Zigomanis is hit by Jamie Benn and loses puck.
6:27 of 1st period - Jason King is hit by Pernell Karl Subban and loses puck.
6:45 of 1st period - Stanislav Neckar is hit by Nate Guenin and loses puck.
6:54 of 1st period - Stanislav Neckar is hit by Marc Methot and loses puck.
7:07 of 1st period - Snap shot by Tyler Kennedy.
7:07 of 1st period - Shot Blocked by Mike Zigomanis.
7:13 of 1st period - Stanislav Neckar is hit by Matt Gilroy and loses puck.
7:26 of 1st period - Slapshot by Martin Hanzal.
7:26 of 1st period - Stopped by Julien Ellis with a rebound.
7:28 of 1st period - Wrist shot by Pernell Karl Subban.
7:28 of 1st period - Stopped by Julien Ellis with a rebound.
7:30 of 1st period - Snap shot by Martin Hanzal.
7:30 of 1st period - Stopped by Julien Ellis with a rebound.
7:51 of 1st period - Bruno Gervais is hit by Cal Clutterbuck and loses puck.
8:32 of 1st period - Snap shot by Milan Bartovic.
8:32 of 1st period - Stopped by Ondrej Pavelec with a rebound.
9:02 of 1st period - Mike Zigomanis is hit by Cal Clutterbuck and loses puck.
9:11 of 1st period - Nate Guenin is hit by Cal Clutterbuck.
9:32 of 1st period - Wrist shot by Geoff Sanderson.
9:32 of 1st period - Shot Misses the Net.
9:44 of 1st period - Petr Sykora is hit by Philippe Boucher.
9:48 of 1st period - Chris Neil is hit by Bobby Butler and loses puck.
10:19 of 1st period - Petr Sykora is hit by Chris Neil.
10:35 of 1st period - Petr Sykora is hit by Cody McLeod.
10:55 of 1st period - Hal Gill is hit by Matt Gilroy and loses puck.
11:08 of 1st period - Wrist shot by Cody McLeod.
11:08 of 1st period - Goal by Cody McLeod - Manchots : 0 - Wolves : 1.
11:09 of 1st period - Martin Hanzal wins face-off versus Mike Zigomanis in neutral zone.
11:16 of 1st period - Snap shot by Alexander Radulov.
11:16 of 1st period - Goal by Alexander Radulov - Manchots : 1 - Wolves : 1.
11:17 of 1st period - Martin Hanzal wins face-off versus Mike Zigomanis in neutral zone.
11:48 of 1st period - Snap shot by Riley Armstrong.
11:48 of 1st period - Shot Misses the Net.
12:13 of 1st period - Off-side.
12:14 of 1st period - Geoff Sanderson wins face-off versus Jamie Benn in neutral zone.
12:19 of 1st period - Snap shot by Geoff Sanderson.
12:19 of 1st period - Stopped by Ondrej Pavelec with a rebound.
12:21 of 1st period - Slapshot by Bruno Gervais.
12:21 of 1st period - Shot Blocked by Stanislav Neckar.
12:38 of 1st period - Off-side.
12:39 of 1st period - Dan Fritsche wins face-off versus Riley Armstrong in neutral zone.
12:44 of 1st period - Snap shot by Riley Armstrong.
12:44 of 1st period - Stopped by Julien Ellis with a rebound.
12:52 of 1st period - Wrist shot by Riley Armstrong.
12:52 of 1st period - Shot Misses the Net.
12:54 of 1st period - Slapshot by Mike Watt.
12:54 of 1st period - Stopped by Julien Ellis with a rebound.
13:24 of 1st period - Slapshot by Philippe Boucher.
13:24 of 1st period - Deflect By Chris Neil.
13:24 of 1st period - Stopped by Ondrej Pavelec with a rebound.
13:26 of 1st period - Slapshot by Philippe Boucher.
13:26 of 1st period - Stopped by Ondrej Pavelec without a rebound.
13:27 of 1st period - Riley Armstrong wins face-off versus Kevin Veilleux in Manchots zone.
13:31 of 1st period - Cody McLeod beats up Hal Gill.
13:31 of 1st period - Penalty to Cody McLeod for Fighting.
13:31 of 1st period - Penalty to Hal Gill for Fighting.
13:31 of 1st period - Penalty to Hal Gill for instigated a fight.
13:31 of 1st period - Penalty to Hal Gill for instigated a fight.
13:32 of 1st period - Riley Armstrong wins face-off versus Mike Zigomanis in Wolves zone.
13:33 of 1st period - Slapshot by Mike Watt.
13:33 of 1st period - Stopped by Julien Ellis with a rebound.
13:41 of 1st period - Wrist shot by Mike Zigomanis.
13:41 of 1st period - Shot Misses the Net.
13:43 of 1st period - Slapshot by Philippe Boucher.
13:43 of 1st period - Stopped by Ondrej Pavelec without a rebound.
13:44 of 1st period - Mike Zigomanis wins face-off versus Riley Armstrong in Manchots zone.
13:45 of 1st period - Snap shot by Alexander Perezhogin.
13:45 of 1st period - Goal by Alexander Perezhogin - Manchots : 1 - Wolves : 2.
13:46 of 1st period - Martin Hanzal wins face-off versus Mike Zigomanis in neutral zone.
13:50 of 1st period - Minor Penalty to Martin Hanzal for Tripping.
13:51 of 1st period - Mike Zigomanis wins face-off versus Riley Armstrong in Manchots zone.
14:06 of 1st period - Snap shot by Geoff Sanderson.
14:06 of 1st period - Stopped by Ondrej Pavelec without a rebound.
14:07 of 1st period - Mike Zigomanis wins face-off versus Riley Armstrong in Manchots zone.
14:10 of 1st period - Wrist shot by Alexander Perezhogin.
14:10 of 1st period - Stopped by Ondrej Pavelec without a rebound.
14:11 of 1st period - Mike Zigomanis wins face-off versus Riley Armstrong in Manchots zone.
14:25 of 1st period - Minor Penalty to Philippe Boucher for Roughing.
14:25 of 1st period - Minor Penalty to Matt Corrente for Roughing.
14:26 of 1st period - Mike Zigomanis wins face-off versus Riley Armstrong in Manchots zone.
14:57 of 1st period - Bryan Allen is hit by Willie Mitchell and loses puck.
15:15 of 1st period - Icing by Willie Mitchell.
15:16 of 1st period - Geoff Sanderson wins face-off versus Cal Clutterbuck in Wolves zone.
15:21 of 1st period - Slapshot by Willie Mitchell.
15:21 of 1st period - Shot Misses the Net.
15:50 of 1st period - Penalty to Martin Hanzal is over, Martin Hanzal is back on ice.
16:01 of 1st period - Snap shot by Martin Hanzal.
16:01 of 1st period - Stopped by Julien Ellis without a rebound.
16:02 of 1st period - Ethan Moreau wins face-off versus Martin Hanzal in Wolves zone.
16:09 of 1st period - Willie Mitchell is hit by Martin Hanzal and loses puck.
16:19 of 1st period - Icing by Pernell Karl Subban.
16:20 of 1st period - Martin Hanzal wins face-off versus Mike Zigomanis in Manchots zone.
16:25 of 1st period - Penalty to Philippe Boucher is over, Philippe Boucher is back on ice.
16:25 of 1st period - Penalty to Matt Corrente is over, Matt Corrente is back on ice.
16:52 of 1st period - Slapshot by Bruno Gervais.
16:52 of 1st period - Stopped by Ondrej Pavelec with a rebound.
16:58 of 1st period - Snap shot by Philippe Boucher.
16:58 of 1st period - Stopped by Ondrej Pavelec with a rebound.
17:00 of 1st period - Wrist shot by Alexander Perezhogin.
17:00 of 1st period - Deflect By Philippe Boucher.
17:00 of 1st period - Stopped by Ondrej Pavelec without a rebound.
17:01 of 1st period - Logan Couture wins face-off versus Kevin Veilleux in Manchots zone.
17:33 of 1st period - Mike Watt is hit by Matt Gilroy and loses puck.
17:59 of 1st period - Snap shot by Ethan Moreau.
17:59 of 1st period - Shot Misses the Net.
18:12 of 1st period - Off-side.
18:13 of 1st period - Martin Hanzal wins face-off versus Mike Zigomanis in neutral zone.
18:43 of 1st period - Slapshot by Cody McLeod.
18:43 of 1st period - Stopped by Ondrej Pavelec with a rebound.
19:40 of 1st period - Wrist shot by Mike Zigomanis.
19:40 of 1st period - Shot Misses the Net.
19:50 of 1st period - Snap shot by Geoff Sanderson.
19:50 of 1st period - Stopped by Ondrej Pavelec with a rebound.
2nd period
0:01 of 2nd period - Martin Hanzal wins face-off versus Mike Zigomanis in neutral zone.
0:26 of 2nd period - Wrist shot by Ethan Moreau.
0:26 of 2nd period - Stopped by Ondrej Pavelec without a rebound.
0:27 of 2nd period - Logan Couture wins face-off versus Dan Fritsche in Manchots zone.
1:16 of 2nd period - Snap shot by Martin Hanzal.
1:16 of 2nd period - Stopped by Julien Ellis with a rebound.
1:56 of 2nd period - Wrist shot by Mike Zigomanis.
1:56 of 2nd period - Stopped by Ondrej Pavelec without a rebound.
1:57 of 2nd period - Mike Zigomanis wins face-off versus Logan Couture in Manchots zone.
2:10 of 2nd period - Petr Sykora is hit by Geoff Sanderson and loses puck.
2:15 of 2nd period - Snap shot by Geoff Sanderson.
2:15 of 2nd period - Shot Misses the Net.
2:17 of 2nd period - Snap shot by Geoff Sanderson.
2:17 of 2nd period - Shot Misses the Net.
2:19 of 2nd period - Slapshot by Matt Gilroy.
2:19 of 2nd period - Shot Blocked by Logan Couture.
2:44 of 2nd period - Petr Sykora is hit by Mike Zigomanis and loses puck.
3:05 of 2nd period - Snap shot by Bobby Butler.
3:05 of 2nd period - Stopped by Julien Ellis with a rebound.
3:07 of 2nd period - Slapshot by Bryan Allen.
3:07 of 2nd period - Stopped by Julien Ellis with a rebound.
3:09 of 2nd period - Slapshot by Stanislav Neckar.
3:09 of 2nd period - Deflect By Petr Sykora.
3:09 of 2nd period - Shot Misses the Net.
3:09 of 2nd period - Puck is out of play.
3:10 of 2nd period - Kevin Veilleux wins face-off versus Martin Hanzal in Wolves zone.
3:31 of 2nd period - 10 Minutes Game Misconduct Penalty to Hal Gill is over.
3:37 of 2nd period - Philippe Boucher is hit by Mike Watt and loses puck.
3:56 of 2nd period - Slapshot by Tyler Kennedy.
3:56 of 2nd period - Shot Misses the Net.
4:02 of 2nd period - Wrist shot by Matt Gilroy.
4:02 of 2nd period - Shot Blocked by Matt Corrente.
4:14 of 2nd period - Snap shot by Alexander Radulov.
4:14 of 2nd period - Shot Misses the Net.
4:16 of 2nd period - Snap shot by Martin Hanzal.
4:16 of 2nd period - Shot Blocked by Matt Gilroy.
4:18 of 2nd period - Slapshot by Pernell Karl Subban.
4:18 of 2nd period - Shot Misses the Net.
4:20 of 2nd period - Snap shot by Pernell Karl Subban.
4:20 of 2nd period - Shot Misses the Net.
4:32 of 2nd period - Wrist shot by Milan Bartovic.
4:32 of 2nd period - Stopped by Ondrej Pavelec with a rebound.
4:34 of 2nd period - Slapshot by Milan Bartovic.
4:34 of 2nd period - Shot Misses the Net.
4:38 of 2nd period - Slapshot by Ethan Moreau.
4:38 of 2nd period - Shot Misses the Net.
4:48 of 2nd period - Willie Mitchell is hit by Tyler Kennedy and loses puck.
5:40 of 2nd period - Spencer Machacek is hit by Marc Methot and loses puck.
6:22 of 2nd period - Wrist shot by Jason King.
6:22 of 2nd period - Shot Misses the Net.
6:38 of 2nd period - Geoff Sanderson is hit by Eric Tangradi and loses puck.
6:44 of 2nd period - Minor Penalty to Willie Mitchell for Hooking.
6:45 of 2nd period - Martin Hanzal wins face-off versus Chris Neil in Wolves zone.
6:48 of 2nd period - Wrist shot by Alexander Radulov.
6:48 of 2nd period - Stopped by Julien Ellis without a rebound.
6:49 of 2nd period - Martin Hanzal wins face-off versus Chris Neil in Wolves zone.
7:00 of 2nd period - Wrist shot by Martin Hanzal.
7:00 of 2nd period - Stopped by Julien Ellis with a rebound.
7:14 of 2nd period - Snap shot by Petr Sykora.
7:14 of 2nd period - Shot Misses the Net.
7:18 of 2nd period - Wrist shot by Petr Sykora.
7:18 of 2nd period - Shot Blocked by Matt Gilroy.
7:28 of 2nd period - Milan Bartovic is hit by Riley Armstrong and loses puck.
8:44 of 2nd period - Penalty to Willie Mitchell is over, Willie Mitchell is back on ice.
8:54 of 2nd period - Slapshot by Willie Mitchell.
8:54 of 2nd period - Shot Misses the Net.
8:56 of 2nd period - Snap shot by Willie Mitchell.
8:56 of 2nd period - Shot Misses the Net.
9:39 of 2nd period - Tyler Kennedy is hit by Petr Kalus and loses puck.
9:52 of 2nd period - Dan Fritsche is hit by Petr Sykora and loses puck.
10:47 of 2nd period - Willie Mitchell is hit by Tyler Kennedy and loses puck.
12:06 of 2nd period - Philippe Boucher is hit by Petr Sykora and loses puck.
12:39 of 2nd period - Matt Corrente is hit by Chris Neil and loses puck.
13:21 of 2nd period - Ethan Moreau is hit by Logan Couture and loses puck.
13:28 of 2nd period - Wrist shot by Bobby Butler.
13:28 of 2nd period - Stopped by Julien Ellis with a rebound.
13:30 of 2nd period - Slapshot by Hal Gill.
13:30 of 2nd period - Stopped by Julien Ellis with a rebound.
13:32 of 2nd period - Wrist shot by Stanislav Neckar.
13:32 of 2nd period - Shot Misses the Net.
13:34 of 2nd period - Slapshot by Bobby Butler.
13:34 of 2nd period - Shot Blocked by Bruno Gervais.
13:44 of 2nd period - Matt Gilroy is hit by Pernell Karl Subban and loses puck.
13:55 of 2nd period - Matt Gilroy is hit by Mike Watt and loses puck.
14:10 of 2nd period - Alexander Perezhogin is hit by Eric Tangradi and loses puck.
14:27 of 2nd period - Matt Gilroy is hit by Bobby Butler and loses puck.
14:40 of 2nd period - Bruno Gervais is hit by Cal Clutterbuck and loses puck.
16:05 of 2nd period - Dan Fritsche is hit by Mike Watt and loses puck.
16:40 of 2nd period - Cody McLeod is hit by Hal Gill and loses puck.
16:57 of 2nd period - Slapshot by Nate Guenin.
16:57 of 2nd period - Stopped by Ondrej Pavelec with a rebound.
16:59 of 2nd period - Slapshot by Jason King.
16:59 of 2nd period - Shot Blocked by Stanislav Neckar.
17:01 of 2nd period - Slapshot by Willie Mitchell.
17:01 of 2nd period - Stopped by Ondrej Pavelec with a rebound.
17:11 of 2nd period - Marc Methot is hit by Riley Armstrong and loses puck.
17:34 of 2nd period - Minor Penalty to Mike Zigomanis for High sticking.
17:35 of 2nd period - Chris Neil wins face-off versus Martin Hanzal in Wolves zone.
17:46 of 2nd period - Snap shot by Alexander Radulov.
17:46 of 2nd period - Shot Misses the Net.
17:48 of 2nd period - Slapshot by Martin Hanzal.
17:48 of 2nd period - Shot Hit the Post.
17:50 of 2nd period - Snap shot by Martin Hanzal.
17:50 of 2nd period - Stopped by Julien Ellis without a rebound.
17:51 of 2nd period - Martin Hanzal wins face-off versus Chris Neil in Wolves zone.
17:54 of 2nd period - Snap shot by Martin Hanzal.
17:54 of 2nd period - Deflect By Alexander Radulov.
17:54 of 2nd period - Goal by Alexander Radulov - Manchots : 2 - Wolves : 2.
17:55 of 2nd period - Martin Hanzal wins face-off versus Geoff Sanderson in neutral zone.
18:04 of 2nd period - Snap shot by Martin Hanzal.
18:04 of 2nd period - Shot Misses the Net.
18:06 of 2nd period - Snap shot by Martin Hanzal.
18:06 of 2nd period - Shot Blocked by Philippe Boucher.
18:08 of 2nd period - Wrist shot by Martin Hanzal.
18:08 of 2nd period - Stopped by Julien Ellis with a rebound.
18:10 of 2nd period - Snap shot by Pernell Karl Subban.
18:10 of 2nd period - Shot Misses the Net.
18:31 of 2nd period - Marc Methot is hit by Logan Couture and loses puck.
18:44 of 2nd period - Snap shot by Ethan Moreau.
18:44 of 2nd period - Stopped by Ondrej Pavelec with a rebound.
18:46 of 2nd period - Slapshot by Marc Methot.
18:46 of 2nd period - Stopped by Ondrej Pavelec without a rebound.
18:47 of 2nd period - Dan Fritsche wins face-off versus Martin Hanzal in Manchots zone.
18:48 of 2nd period - Slapshot by Ethan Moreau.
18:48 of 2nd period - Stopped by Ondrej Pavelec with a rebound.
18:50 of 2nd period - Slapshot by Nate Guenin.
18:50 of 2nd period - Shot Blocked by Hal Gill.
19:03 of 2nd period - Minor Penalty to Nate Guenin for Hooking.
19:04 of 2nd period - Chris Neil wins face-off versus Martin Hanzal in Wolves zone.
19:13 of 2nd period - Wrist shot by Alexander Radulov.
19:13 of 2nd period - Stopped by Julien Ellis without a rebound.
19:14 of 2nd period - Martin Hanzal wins face-off versus Chris Neil in Wolves zone.
19:15 of 2nd period - Snap shot by Alexander Radulov.
19:15 of 2nd period - Shot Misses the Net.
19:19 of 2nd period - Slapshot by Martin Hanzal.
19:19 of 2nd period - Goal by Martin Hanzal - Manchots : 3 - Wolves : 2.
19:20 of 2nd period - Mike Zigomanis wins face-off versus Martin Hanzal in neutral zone.
19:25 of 2nd period - Slapshot by Alexander Perezhogin.
19:25 of 2nd period - Deflect By Geoff Sanderson.
19:25 of 2nd period - Shot Blocked by Hal Gill.
19:25 of 2nd period - Puck is out of play.
19:26 of 2nd period - Mike Zigomanis wins face-off versus Martin Hanzal in Manchots zone.
19:34 of 2nd period - Minor Penalty to Marc Methot for Hooking.
19:35 of 2nd period - Chris Neil wins face-off versus Martin Hanzal in Wolves zone.
3rd period
0:01 of 3rd period - Chris Neil wins face-off versus Martin Hanzal in neutral zone.
1:34 of 3rd period - Penalty to Marc Methot is over, Marc Methot is back on ice.
1:45 of 3rd period - Minor Penalty to Eric Tangradi for Roughing.
1:46 of 3rd period - Riley Armstrong wins face-off versus Mike Zigomanis in Manchots zone.
1:46 of 3rd period - Riley Armstrong is hit by Alexander Perezhogin.
3:45 of 3rd period - Penalty to Eric Tangradi is over, Eric Tangradi is back on ice.
4:00 of 3rd period - Matt Corrente is hit by Philippe Boucher and loses puck.
4:11 of 3rd period - Slapshot by Logan Couture.
4:11 of 3rd period - Goal by Logan Couture - Manchots : 4 - Wolves : 2.
4:12 of 3rd period - Mike Zigomanis wins face-off versus Riley Armstrong in neutral zone.
4:12 of 3rd period - Minor Penalty to Mike Zigomanis for Holding.
4:13 of 3rd period - Chris Neil wins face-off versus Martin Hanzal in Wolves zone.
4:48 of 3rd period - Snap shot by Petr Sykora.
4:48 of 3rd period - Goal by Petr Sykora - Manchots : 5 - Wolves : 2.
4:49 of 3rd period - Mike Zigomanis wins face-off versus Martin Hanzal in neutral zone.
4:52 of 3rd period - Slapshot by Philippe Boucher.
4:52 of 3rd period - Shot Blocked by Hal Gill.
5:23 of 3rd period - Wrist shot by Logan Couture.
5:23 of 3rd period - Shot Blocked by Cody McLeod.
6:01 of 3rd period - Slapshot by Jason King.
6:01 of 3rd period - Deflect By Petr Kalus.
6:01 of 3rd period - Goal by Petr Kalus - Manchots : 5 - Wolves : 3.
6:02 of 3rd period - Mike Zigomanis wins face-off versus Martin Hanzal in neutral zone.
6:09 of 3rd period - Wrist shot by Geoff Sanderson.
6:09 of 3rd period - Stopped by Ondrej Pavelec with a rebound.
6:27 of 3rd period - Petr Sykora is hit by Nate Guenin and loses puck.
6:57 of 3rd period - Snap shot by Mike Watt.
6:57 of 3rd period - Stopped by Julien Ellis without a rebound.
6:58 of 3rd period - Mike Zigomanis wins face-off versus Martin Hanzal in Wolves zone.
7:11 of 3rd period - Alexander Radulov is hit by Philippe Boucher and loses puck.
7:18 of 3rd period - Alexander Perezhogin is hit by Stanislav Neckar and loses puck.
7:29 of 3rd period - Snap shot by Mike Watt.
7:29 of 3rd period - Stopped by Julien Ellis with a rebound.
7:31 of 3rd period - Snap shot by Riley Armstrong.
7:31 of 3rd period - Stopped by Julien Ellis with a rebound.
7:57 of 3rd period - Slapshot by Chris Neil.
7:57 of 3rd period - Stopped by Ondrej Pavelec with a rebound.
8:03 of 3rd period - Snap shot by Cody McLeod.
8:03 of 3rd period - Stopped by Ondrej Pavelec with a rebound.
8:13 of 3rd period - Kris Russell is hit by Nate Guenin and loses puck.
8:39 of 3rd period - Slapshot by Hal Gill.
8:39 of 3rd period - Stopped by Julien Ellis without a rebound.
8:40 of 3rd period - Martin Hanzal wins face-off versus Petr Kalus in Wolves zone.
8:41 of 3rd period - Snap shot by Alexander Radulov.
8:41 of 3rd period - Shot Misses the Net.
9:26 of 3rd period - Snap shot by Willie Mitchell.
9:26 of 3rd period - Stopped by Ondrej Pavelec with a rebound.
9:28 of 3rd period - Slapshot by Willie Mitchell.
9:28 of 3rd period - Shot Blocked by Martin Hanzal.
9:32 of 3rd period - Wrist shot by Jason King.
9:32 of 3rd period - Stopped by Ondrej Pavelec with a rebound.
9:34 of 3rd period - Slapshot by Willie Mitchell.
9:34 of 3rd period - Shot Misses the Net.
9:36 of 3rd period - Slapshot by Willie Mitchell.
9:36 of 3rd period - Shot Misses the Net.
9:38 of 3rd period - Snap shot by Petr Kalus.
9:38 of 3rd period - Stopped by Ondrej Pavelec with a rebound.
9:40 of 3rd period - Slapshot by Jason King.
9:40 of 3rd period - Shot Misses the Net.
9:42 of 3rd period - Snap shot by Mike Sislo.
9:42 of 3rd period - Stopped by Ondrej Pavelec without a rebound.
9:43 of 3rd period - Geoff Sanderson wins face-off versus Logan Couture in Manchots zone.
9:48 of 3rd period - Wrist shot by Alexander Perezhogin.
9:48 of 3rd period - Shot Blocked by Bryan Allen.
10:18 of 3rd period - Snap shot by Riley Armstrong.
10:18 of 3rd period - Stopped by Julien Ellis without a rebound.
10:19 of 3rd period - Mike Zigomanis wins face-off versus Logan Couture in Wolves zone.
10:19 of 3rd period - Mike Zigomanis is hit by Bobby Butler.
10:29 of 3rd period - Petr Sykora is hit by Alexander Perezhogin and loses puck.
10:57 of 3rd period - Wrist shot by Riley Armstrong.
10:57 of 3rd period - Stopped by Julien Ellis with a rebound.
11:09 of 3rd period - Slapshot by Alexander Radulov.
11:09 of 3rd period - Stopped by Julien Ellis with a rebound.
11:13 of 3rd period - Snap shot by Jamie Benn.
11:13 of 3rd period - Shot Blocked by Kevin Veilleux.
11:24 of 3rd period - Off-side.
11:25 of 3rd period - Dan Fritsche wins face-off versus Eric Tangradi in neutral zone.
11:50 of 3rd period - Philippe Boucher is hit by Petr Sykora.
11:54 of 3rd period - Ethan Moreau is hit by Pernell Karl Subban.
12:03 of 3rd period - Minor Penalty to Logan Couture for Holding.
12:04 of 3rd period - Riley Armstrong wins face-off versus Mike Zigomanis in Manchots zone.
12:37 of 3rd period - Snap shot by Cody McLeod.
12:37 of 3rd period - Shot Misses the Net.
12:39 of 3rd period - Wrist shot by Nate Guenin.
12:39 of 3rd period - Shot Blocked by Hal Gill.
12:41 of 3rd period - Slapshot by Nate Guenin.
12:41 of 3rd period - Shot Blocked by Hal Gill.
12:43 of 3rd period - Slapshot by Bruno Gervais.
12:43 of 3rd period - Shot Hit the Post.
12:45 of 3rd period - Snap shot by Cody McLeod.
12:45 of 3rd period - Deflect By Riley Armstrong.
12:45 of 3rd period - Shot Misses the Net.
12:45 of 3rd period - Puck is out of play.
12:46 of 3rd period - Alexander Perezhogin wins face-off versus Tyler Kennedy in Manchots zone.
12:53 of 3rd period - Snap shot by Geoff Sanderson.
12:53 of 3rd period - Shot Misses the Net.
12:55 of 3rd period - Slapshot by Philippe Boucher.
12:55 of 3rd period - Stopped by Ondrej Pavelec without a rebound.
12:56 of 3rd period - Tyler Kennedy wins face-off versus Mike Zigomanis in Manchots zone.
13:05 of 3rd period - Slapshot by Philippe Boucher.
13:05 of 3rd period - Deflect By Alexander Perezhogin.
13:05 of 3rd period - Shot Misses the Net.
13:05 of 3rd period - Puck is out of play.
13:06 of 3rd period - Mike Zigomanis wins face-off versus Mike Watt in Manchots zone.
13:09 of 3rd period - Wrist shot by Alexander Perezhogin.
13:09 of 3rd period - Stopped by Ondrej Pavelec without a rebound.
13:10 of 3rd period - Mike Zigomanis wins face-off versus Riley Armstrong in Manchots zone.
14:01 of 3rd period - Off-side.
14:02 of 3rd period - Mike Zigomanis wins face-off versus Tyler Kennedy in neutral zone.
14:03 of 3rd period - Penalty to Logan Couture is over, Logan Couture is back on ice.
14:05 of 3rd period - Wrist shot by Nate Guenin.
14:05 of 3rd period - Deflect By Geoff Sanderson.
14:05 of 3rd period - Stopped by Ondrej Pavelec with a rebound.
14:07 of 3rd period - Wrist shot by Alexander Perezhogin.
14:07 of 3rd period - Stopped by Ondrej Pavelec without a rebound.
14:08 of 3rd period - Alexander Radulov wins face-off versus Alexander Perezhogin in Manchots zone.
14:08 of 3rd period - Alexander Radulov is hit by Geoff Sanderson.
14:19 of 3rd period - Snap shot by Geoff Sanderson.
14:19 of 3rd period - Goal by Geoff Sanderson - Manchots : 5 - Wolves : 4.
14:20 of 3rd period - Mike Zigomanis wins face-off versus Martin Hanzal in neutral zone.
14:50 of 3rd period - Snap shot by Petr Sykora.
14:50 of 3rd period - Stopped by Julien Ellis with a rebound.
14:52 of 3rd period - Wrist shot by Bobby Butler.
14:52 of 3rd period - Stopped by Julien Ellis with a rebound.
14:54 of 3rd period - Slapshot by Pernell Karl Subban.
14:54 of 3rd period - Shot Misses the Net.
15:07 of 3rd period - Minor Penalty to Riley Armstrong for Roughing.
15:08 of 3rd period - Mike Zigomanis wins face-off versus Cal Clutterbuck in Manchots zone.
17:07 of 3rd period - Penalty to Riley Armstrong is over, Riley Armstrong is back on ice.
17:08 of 3rd period - Matt Corrente is hit by Ethan Moreau and loses puck.
17:25 of 3rd period - Wrist shot by Mike Watt.
17:25 of 3rd period - Shot Misses the Net.
17:27 of 3rd period - Slapshot by Matt Corrente.
17:27 of 3rd period - Stopped by Julien Ellis with a rebound.
17:29 of 3rd period - Wrist shot by Riley Armstrong.
17:29 of 3rd period - Stopped by Julien Ellis with a rebound.
17:31 of 3rd period - Snap shot by Bryan Allen.
17:31 of 3rd period - Stopped by Julien Ellis with a rebound.
18:15 of 3rd period - Snap shot by Ethan Moreau.
18:15 of 3rd period - Shot Blocked by Bryan Allen.
18:29 of 3rd period - Bruno Gervais is hit by Cal Clutterbuck and loses puck.
18:58 of 3rd period - Wrist shot by Mike Watt.
18:58 of 3rd period - Shot Misses the Net.
19:00 of 3rd period - Wrist shot by Cal Clutterbuck.
19:00 of 3rd period - Stopped by Julien Ellis with a rebound.
19:12 of 3rd period - Snap shot by Mike Watt.
19:12 of 3rd period - Shot Misses the Net.
19:20 of 3rd period - Snap shot by Mike Watt.
19:20 of 3rd period - Shot Misses the Net.
19:22 of 3rd period - Slapshot by Cal Clutterbuck.
19:22 of 3rd period - Stopped by Julien Ellis with a rebound.
19:28 of 3rd period - Slapshot by Riley Armstrong.
19:28 of 3rd period - Stopped by Julien Ellis without a rebound.
19:29 of 3rd period - Peter DeBoer call a timeout for Wolves.
19:29 of 3rd period - Martin Hanzal wins face-off versus Mike Zigomanis in Wolves zone.
19:36 of 3rd period - Slapshot by Petr Sykora.
19:36 of 3rd period - Stopped by Julien Ellis without a rebound.
19:37 of 3rd period - Martin Hanzal wins face-off versus Mike Zigomanis in Wolves zone.
Output by the SimonT Hockey Simulator (STHS) for François Prévost -- Original Page W3C XHTML 1.0 Valid